 Dungeon Crawl Stone Soup version 0.29-a0-359-g541a27f54d (webtiles) character file.

Game seed: 818860854303800114

7 Zeldest the Skirmisher (level 1, 22/22 HPs)
             Began as a Troll Fighter on Apr 28, 2022.
             Was a Follower of Nemelex Xobeh.
             Quit the game on level 1 of the Dungeon.
             The game lasted 00:00:16 (81 turns).

Zeldest the Skirmisher (Troll Fighter)                Turns: 81, Time: 00:00:16

Health: 22/22      AC:  4    Str: 23    XL:     1   Next: 91%
Magic:  0/0        EV:  8    Int:  4    God:    Nemelex Xobeh [*.....]
Gold:   34         SH:  7    Dex:  9    Spells: 0/0 levels left

rFire   . . .      SeeInvis .     - Unarmed
rCold   . . .      Faith    .   b - +0 kite shield
rNeg    . . .      Spirit   .   a - +0 robe
rPois   .          Reflect  .   (helmet restricted)
rElec   .          Harm     .   (no cloak)
rCorr   .          Rampage  .   (gloves unavailable)
Will    .....                   (boots unavailable)
Stlth   +.........              (no amulet)
HPRegen 0.87/turn               (no ring)
MPRegen 0.07/turn               (no ring)

@: no status effects
A: large, unfitting armour, claws 3, regeneration 1, shaggy fur 1, tough skin 1
a: Renounce Religion, Draw Escape, Draw Destruction, Draw Summoning


You were on level 1 of the Dungeon.
You worshipped Nemelex Xobeh.
Nemelex Xobeh was aware of your devotion.
You visited 1 branch of the dungeon, and saw 1 of its levels.

You collected 34 gold pieces.

Inventory:

Armour
 a - a +0 robe (worn)
 b - a +0 kite shield (worn)
Scrolls
 d - a scroll of summoning {unknown}
 e - a scroll of fog {unknown}
Potions
 c - a potion of might


   Skills:
 + Level 2.5 Fighting
 + Level 0.4 Armour
 - Level 2.4 Dodging
 - Level 2.4 Shields
 * Level 2.3 Unarmed Combat


You couldn't memorise any spells.
You didn't know any spells.
Your spell library was empty.

Dungeon Overview and Level Annotations

Branches:
Dungeon (1/15)

Altars:
Nemelex Xobeh


Innate Abilities, Weirdness & Mutations

You are too large for most types of armour.
You have claws for hands.
Your natural rate of healing is unusually fast.
You are covered in fur. (AC +1)
You have tough skin. (AC +1)


Message History

You block the ball python's attack.
You scratch the ball python.
You kill the ball python!
Things that are here:
a +0 dagger; 4 stones No target in view!
Found a stone staircase leading down.
No target in view!
A dart slug comes into view.
A dart slug is nearby!
The dart slug launches a dart at you. The slug dart hits you.
A dart slug is nearby!
A dart slug is nearby!
A dart slug is nearby!
The dart slug bites you.
You scratch the dart slug.
The dart slug is moderately wounded.
The dart slug launches a dart at you.
The slug dart hits you but does no damage.
You scratch the dart slug but do no damage.
The dart slug is moderately wounded.
The dart slug barely misses you.
You scratch the dart slug.
The dart slug is heavily wounded.
You claw the dart slug!
You kill the dart slug!
No target in view!
Found a hunting sling.
There is a faded altar of an unknown god here.
You cannot tell which god this altar belongs to.
Convert to them anyway?
Okay, then.
Unknown command.
Press < or > to pray at altars.
You cannot tell which god this altar belongs to.
Convert to them anyway?
Nemelex Xobeh accepts your prayer! Nemelex Xobeh welcomes you!
You can now draw from decks of power.
Nemelex will now gift you decks of power as you gain piety.
Are you sure you want to abandon this character and quit the game? (Confirm with "yes".)

#.......#...##$#
...............#
#..............#####
##..##..##..........#####
.........................
....#.).......PP.#.####.
#.....†....#.P♣.......#
#......†.....♣.P.P.####
#......###..#P..@♣P.#
#..#................# #.
#..####..#.....#..).. .
.... #.............##
..##. #.....#.##..#.#
..##.####..........#.#
.................##
........#.#.###...
.######.......#..


There were no monsters in sight!

Vanquished Creatures
  A dart slug (D:1)
  A ball python (D:1)
  A goblin (D:1)
  A kobold (D:1)
  A frilled lizard (D:1)
5 creatures vanquished.

Notes
Turn   | Place    | Note
-------+----------+-------------------------------------------
     0 | D:1      | Zeldest the Troll Fighter began the quest for the Orb.
     0 | D:1      | Reached XP level 1. HP: 22/22 MP: 0/0
    44 | D:1      | Found a faded altar of an unknown god.
    80 | D:1      | Prayed at the altar of an unknown god.
    80 | D:1      | Became a worshipper of Nemelex Xobeh the Trickster
    80 | D:1      | Reached * piety under Nemelex Xobeh
    81 | D:1      | Quit the game

Illustrated notes

Levels and vault maps discovered:
D:1:      scummos_arrival_simple_fountains, layout_basic,
          ebering_ecumenical_altar_petrified

Action                   || total
-------------------------++-------
Melee: Unarmed           ||    11
Armor: Robe              ||     3
Dodge: Dodged            ||     2
Block: Kite shield       ||     5

Table legend: (Time is in decaauts)
 A = Elapsed time spent in this place.
 B = Non-inter-level travel time spent in this place.
 C = Inter-level travel time spent in this place.
 D = Time resting spent in this place.
 E = Time spent auto-exploring this place.
 F = Levels seen in this place.
 G = Mean time per level.
                   A        B        C        D        E       F      G
               +--------+--------+--------+--------+--------+-----+--------+
         Total |     82 |     82 |      0 |      0 |     46 |   1 |   82.0 |
       Dungeon |     82 |     82 |      0 |      0 |     46 |   1 |   82.0 |
               +--------+--------+--------+--------+--------+-----+--------+

Top non-repeatable levels by time:
     D:1: 82 daAuts
